Map: Inside and Out

Players

Maul

  • Race: Protoss Protoss
  • League: Gold
  • Spawn Location: 1:00

MattBarry - Winner!

  • Race: Zerg Zerg
  • League: Silver
  • Spawn Location: 7:00

VOD

Have the link to the VOD?

Description

Time

  • Played on: Jan. 19, 2023, 3:12 a.m.
  • Length: 4:03
Show
View Real Time Build Order
Export as new Build Order

Maul Protoss 

Build Orders:  

Get SALT Encoding   

  12  0:10  Probe  
  13  0:17  Pylon  
  13  0:25  Probe  
  14  0:38  Probe  
  15  0:46  Forge  
  15  1:00  Pylon  
  15  1:06  Probe  
  15  1:10  Gateway  
  16  1:15  Assimilator  
  16  1:23  Photon Cannon  
  16  1:26  Probe  
  17  1:47  Pylon  
  17  1:56  Photon Cannon  
  17  2:08  Photon Cannon  
  17  2:43  Photon Cannon  
  17  2:45  Photon Cannon  
  17  2:55  Photon Cannon  
  17  3:00  Photon Cannon  
  17  3:05  Gateway  
  17  3:17  Gateway  
  17  3:45  Pylon  
Show
View Real Time Build Order
Export as new Build Order

MattBarry Zerg - Winner!

Build Orders: Pool First 

Get SALT Encoding   

  12  0:00  Drone  
  13  0:12  Overlord  
  13  0:25  Drone  
  14  0:29  Drone, Extractor  
  14  0:41  Spawning Pool  
  13  0:47  Drone  
  14  0:53  Drone  
  14  0:54  Drone  
  16  1:00  Drone  
  17  1:28  Zergling x2, Hatchery  
  17  1:38  Metabolic Boost  
  17  1:40  Zergling x2  
  17  1:45  Zergling x2  
  17  1:46  Zergling x2  
  20  1:57  Queen  
  20  2:26  Spine Crawler  
  20  2:28  Spine Crawler  
  19  2:33  Queen, Spine Crawler  
  19  2:35  Drone  
  21  2:37  Overlord  
  21  2:55  Zergling x4  
  22  3:03  Zergling x2  
  21  3:28  Spine Crawler  
  19  3:35  Spine Crawler  
  19  3:36  Zergling x6  
  19  3:41  Drone  
  22  3:47  Spine Crawler  
Tags
 
Matchup
PvZ
Opening
Pool First
Replay Pack
Multiplayer
Spawn Locations
Cross Positions
Add a new tag
Caveats
  • Supply blocks, unpowered buildings, or Contaminate may cause inaccurate times.
  • Supply counts are checked every 10 seconds.